 Dungeon Crawl Stone Soup version 0.26.1-11-gd32895ea62 (webtiles) character file.

Game seed: 5607104674409507130

7865 dtburroughs the Cleaver (level 11, 0/99 HPs)
             Began as a Minotaur Berserker on June 25, 2021.
             Was a High Priest of Trog.
             Slain by an orc warlord
             ... wielding a +3 vorpal glaive
              (31 damage)
             ... in a bailey.
             The game lasted 00:22:05 (10570 turns).

dtburroughs the Cleaver (Minotaur Berserker)       Turns: 10570, Time: 00:22:06

Health: 0/99       AC: 19    Str: 26    XL:     11   Next: 2%
Magic:  10/10      EV: 11    Int: 16    God:    Trog [*****.]
Gold:   473        SH:  0    Dex: 12    Spells: 10/10 levels left

rFire    . . .     SeeInvis .   Q - +4 battleaxe
rCold    . . .     Faith    .   (shield currently unavailable)
rNeg     . . .     Spirit   .   O - +0 plate armour
rPois    .         Reflect  .   M - +1 hat {Int+3}
rElec    .         Harm     .   y - +1 cloak {Will+}
rCorr    .         Rampage  .   x - +0 pair of gloves
Will     ++++.                  (no boots)
Stlth    ..........             (no amulet)
HPRegen  1.26/turn              u - +6 ring of strength
MPRegen  0.12/turn              C - ring "Meuhufay" {+Inv Will+ Str-2 Int+6 Dex+2}

@: regenerating
A: retaliatory headbutt, horns 2
a: Renounce Religion, Evoke Invisibility, Berserk, Trog's Hand, Brothers in Arms


You were in a bailey.
You worshipped Trog.
Trog was extremely pleased with you.
You visited 1 branch of the dungeon, and saw 9 of its levels.
You also visited: Bailey.

You collected 473 gold pieces.

Inventory:

Hand Weapons
 a - a +0 hand axe
 o - a +3 morningstar
 B - a +0 war axe
 L - a +4 hand axe of freezing
 Q - a +4 battleaxe (weapon)
Armour
 i - a +0 kite shield
 m - a +0 chain mail
 x - a +0 pair of gloves (worn)
 y - a +1 cloak of willpower (worn)
 M - a +1 hat of intelligence (worn)
 N - a +0 chain mail of fire resistance
 O - a +0 plate armour (worn)
Jewellery
 b - an uncursed ring of positive energy
 n - an uncursed ring of resist corrosion
 u - a +6 ring of strength (left hand)
 C - the ring "Meuhufay" (right hand) {+Inv Will+ Str-2 Int+6 Dex+2}
   (You found it on level 5 of the Dungeon)

   [ring of intelligence]

   It affects your strength (-2).
   It affects your intelligence (+6).
   It affects your dexterity (+2).
   It affects your willpower, your defense against some magical effects.
   It lets you turn invisible.
 I - a +4 ring of protection
Wands
 J - a wand of polymorph (12)
 K - a wand of random effects (7)
Scrolls
 c - 2 scrolls of noise {unknown}
 h - a scroll of fog {unknown}
 j - 2 scrolls of immolation {unknown}
 p - 3 scrolls of magic mapping
 q - 2 scrolls of enchant weapon {unknown}
 s - 6 scrolls of teleportation
 v - 2 scrolls of remove curse
 w - a scroll of fear {unknown}
 E - a scroll of random uselessness {unknown}
 H - 4 scrolls of blinking {unknown}
Potions
 d - a potion of resistance {unknown}
 e - 2 potions of invisibility
 f - 2 potions of lignification {unknown}
 g - 3 potions of flight
 k - a potion of magic {unknown}
 l - 3 potions of brilliance
 r - a potion of attraction {unknown}
 t - a potion of cancellation {unknown}
 z - a potion of might {unknown}
 A - a potion of ambrosia {unknown}
 D - 2 potions of berserk rage {unknown}
 F - a potion of haste {unknown}
 G - 5 potions of curing
 P - a potion of heal wounds {unknown}


   Skills:
 + Level 10.1 Fighting
 + Level 10.3 Axes
 + Level 9.8 Armour
 + Level 9.1 Dodging
 + Level 3.8 Shields
 + Level 4.3 Evocations


You had 10 spell levels left.
You didn't know any spells.
Your spell library was empty.

Dungeon Overview and Level Annotations

Branches:
Dungeon (9/15)             Temple (0/1) D:4            Lair (0/6) D:8
 Bailey (1/1)
    Orc: D:9-12

Altars:
Gozag
Ru
Trog
Vehumet

Shops:
D:4 :

Annotations:
D:7 2 transporters, oc3rt's ghost, novice KoHu


Innate Abilities, Weirdness & Mutations

You reflexively headbutt those who attack you in melee.
You have a pair of horns on your head.


Message History

You slash the orc!
You kill the orc!
Trog accepts your kill.
You slash the goblin!
You kill the goblin!
Trog accepts your kill.
You barely miss the orc warrior. You headbutt the orc warrior!
The orc warrior is moderately wounded.
You closely miss the orc knight.
The orc warlord hits you from afar with a +3 vorpal glaive!!!
You hit the orc knight.
The orc knight is lightly wounded.
The orc knight hits you with a +0 war axe.
The orc warlord hits you but does no damage.
You hit the orc knight but do no damage.
Your headbutt misses the orc knight.
The orc knight is lightly wounded.
The orc knight hits you with a +0 war axe!!
The orc warlord hits you from afar with a +3 vorpal glaive!!
You die... #...........#......... #...........#......... ###.).......###.......) ###.#)#.....###.###.....# ###...))###.###... ###.### ##.........### .... ###.. #..........8# go...

#... #..........8#oog...
#... #∩....⌠....@ooog...
#... #..........8#og....
#... #..........8# o....
#... ##.........### ....
###.. ###...).###.###...
###.###
###.#)#.....###.###.....#
###)).......###........
#...........#.........
#...........#.........


You could see an orc warlord (strong), 2 orc knights, 4 orc warriors, a gnoll,
an orc (strong), 2 hobgoblins and a goblin.

Vanquished Creatures
  Gastronok (D:8)
  Harold (D:8)
  A two-headed ogre (D:8)
  Maurice (D:8)
  A wyvern (D:8)
  Sigmund (D:4)
  A yak (D:8)
  Eustachio (D:5)
  A water moccasin (D:5)
  7 orc warriors
  2 black bears (D:8)
  2 ice beasts (D:5)
  2 phantoms
  2 ogres
  A centaur (D:8)
  A big kobold (D:9)
  Blork the orc (D:5)
  6 bullfrogs
  6 scorpions
  4 wights (D:8)
  13 killer bees
  3 bullfrog zombies
  A centaur skeleton (D:8)
  A hound (D:8)
  2 orc priests
  Crazy Yiuf (D:2)
  A jelly (D:5)
  3 iguanas
  6 orc wizards
  2 worker ants (D:4)
  A killer bee zombie (D:8)
  A hound zombie (D:7)
  A hound skeleton (D:7)
  A worker ant zombie (D:6)
  7 gnolls (Bailey)
  11 adders
  2 white imps
  2 oozes
  3 leopard geckos
  28 orcs
  5 giant cockroaches
  23 goblins
  29 hobgoblins
  6 jackals
  10 kobolds
  4 quokkas
  8 bats
  2 frilled lizards
  A leopard gecko zombie (D:5)
  11 rats
232 creatures vanquished.

Vanquished Creatures (others)
  21 fungi
  13 plants (D:8)
34 creatures vanquished.

Grand Total: 266 creatures vanquished

Notes
Turn   | Place    | Note
-------+----------+-------------------------------------------
     0 | D:1      | dtburroughs the Minotaur Berserker began the quest for the
                  | Orb.
     0 | D:1      | Reached XP level 1. HP: 19/19 MP: 0/0
   110 | D:1      | Reached XP level 2. HP: 5/27 MP: 1/1
  1053 | D:2      | Reached XP level 3. HP: 31/33 MP: 2/2
  1089 | D:2      | Reached ** piety under Trog
  1760 | D:2      | Reached XP level 4. HP: 37/41 MP: 3/3
  2244 | D:2      | Found a runed translucent door.
  2245 | D:2      | Noticed Crazy Yiuf
  2250 | D:2      | Killed Crazy Yiuf
  2397 | D:3      | Found an opulent altar of Gozag.
  2616 | D:3      | Found a radiant altar of Vehumet.
  2801 | D:4      | Reached XP level 5. HP: 14/47 MP: 4/4
  3217 | D:4      | Noticed Sigmund
  3245 | D:4      | Killed Sigmund
  3246 | D:4      | Reached skill level 5 in Fighting
  3246 | D:4      | Reached skill level 5 in Axes
  3246 | D:4      | Reached XP level 6. HP: 18/56 MP: 5/5
  4049 | D:4      | Identified the cursed +1 falchion "Koawk" {freeze, +Blink
                  | rPois MP-9 Str+2}
  4061 | D:4      | Reached skill level 5 in Armour
  4061 | D:4      | Reached XP level 7. HP: 52/62 MP: 6/6
  4176 | D:4      | Found Afeotoja's Book Shoppe.
  4429 | D:4      | Found a staircase to the Ecumenical Temple.
  5107 | D:5      | Entered Level 5 of the Dungeon
  5192 | D:5      | Reached skill level 5 in Dodging
  5442 | D:5      | Got a bound granite ring
  5905 | D:5      | Reached XP level 8. HP: 71/71 MP: 7/7
  6057 | D:5      | Noticed Eustachio
  6060 | D:5      | Killed Eustachio
  6074 | D:5      | Found a sacrificial altar of Ru.
  6082 | D:5      | Reached *** piety under Trog
  6097 | D:5      | Noticed Blork the orc
  6108 | D:5      | Killed Blork the orc
  7262 | D:7      | Reached XP level 9. HP: 70/81 MP: 8/8
  8039 | D:7      | Identified the +7 broad axe of Vanity {vorpal, +Fly Int+3}
  8039 | D:7      | Noticed a tengu warrior
  8039 | D:7      | Identified the +5 trident of Cheibriados's Pride {flame,
                  | +Blink rF+}
  8041 | D:7      | Noticed oc3rt's ghost (novice KoHu)
  8045 | D:7      | Found a transporter.
  8049 | D:7      | Found a transporter.
  8049 | D:7      | Noticed a moth of wrath
  8053 | D:7      | Found a bloodstained altar of Trog.
  8077 | D:7      | Noticed a troll
  8161 | D:8      | Identified the ring "Meuhufay" {+Inv Will+ Str-2 Int+6
                  | Dex+2} (You found it on level 5 of the Dungeon)
  8383 | D:8      | Noticed a two-headed ogre
  8410 | D:8      | Killed a two-headed ogre
  8723 | D:8      | Noticed Maurice
  8726 | D:8      | Killed Maurice
  8727 | D:8      | Reached XP level 10. HP: 91/91 MP: 9/9
  8960 | D:8      | Reached **** piety under Trog
  9115 | D:8      | Noticed Gastronok
  9136 | D:8      | Killed Gastronok
  9198 | D:8      | Found a staircase to the Lair.
  9355 | D:8      | Noticed Harold
  9375 | D:8      | Killed Harold
  9376 | D:8      | Reached skill level 10 in Axes
  9806 | D:9      | Reached skill level 10 in Fighting
 10224 | D:9      | Found a flagged portal.
 10250 | Bailey   | Entered a bailey
 10442 | Bailey   | Reached XP level 11. HP: 99/99 MP: 10/10
 10458 | Bailey   | Reached ***** piety under Trog
 10492 | Bailey   | Received a gift from Trog
 10562 | Bailey   | Noticed an orc knight
 10562 | Bailey   | Noticed an orc warlord
 10564 | Bailey   | Noticed an orc knight
 10570 | Bailey   | Slain by an orc warlord

Illustrated notes

Levels and vault maps discovered:
D:1:      nzn_arrival_depleted_hourglass, layout_rooms, minmay_misc_feat_doors
D:2:      layout_basic, uniq_crazy_yiuf_cottage
D:3:      layout_rooms, old_standard_altar,
          nicolae_gozag_cash_rules_everything_around_me
D:4:      layout_layer_cave, minmay_temple_entry_stoned_glass, serial_shops,
          shop, grunt_ministairs_3, uniq_sigmund
D:5:      layout_loops_cross, nicolae_ru_awakened_eye, uniq_eustachio,
          uniq_blork_the_orc
D:6:      layout_gridville
D:7:      layout_basic, gammafunk_ghost_wrathful_warriors,
          chequers_serial_rivers_room_b, minmay_misc_feat_columns
D:8:      layout_basic, grunt_lair_entry_orc_guard_hut, uniq_gastronok,
          uniq_harold, uniq_maurice
D:9:      layout_cave_pools, enter_bailey_5, uniq_pikel
Bailey:   bailey_axe_minmay_hex_keep, bailey

Skill      XL: |  1  2  3  4  5  6  7  8  9 10 |
---------------+-------------------------------+-----
Fighting       | 4 5 6 7 9 10 | 10.1
Axes           | 4 5 6 7 9 10 | 10.3
Armour         | 3 4 5 7 8 9 |  9.8
Dodging        | 3 4 5 6 8 9 |  9.1
Evocations     | 2 4 |  4.3
Shields        | 3 |  3.8

Action                   |  1- 3 |  4- 6 |  7- 9 | 10-12 || total
-------------------------+-------+-------+-------+-------++-------
Melee: Hand axe          |    77 |   120 |     8 |   149 ||   354
       Headbutt          |     9 |    23 |    38 |    42 ||   112
       War axe           |       |       |   235 |    24 ||   259
       Morningstar       |       |       |       |     7 ||     7
       Battleaxe         |       |       |       |     7 ||     7
Invok: Berserk           |     1 |     2 |       |     1 ||     4
       Trog's Hand       |       |     2 |     5 |     3 ||    10
Evoke: Wand              |       |       |    10 |     6 ||    16
  Use: Scroll            |       |       |     5 |     6 ||    11
Armor: Animal skin       |     7 |       |       |       ||     7
       Ring mail         |    14 |       |       |       ||    14
       Chain mail        |    16 |    94 |   130 |    62 ||   302
       Plate armour      |       |       |       |    16 ||    16
Dodge: Dodged            |    53 |    59 |   160 |    85 ||   357
Block: Kite shield       |       |       |       |    66 ||    66
